 Dungeon Crawl Stone Soup version 0.19.0-2-gae57169 (webtiles) character file.

108 Gargoyl the Skirmisher (level 4, -2/37 HPs)
             Began as a Demonspawn Abyssal Knight on Nov 7, 2016.
             Was a Believer of Lugonu.
             Slain by a gnoll
             ... wielding a +0 halberd
              (6 damage)
             ... on level 2 of the Dungeon.
             The game lasted 00:04:06 (2802 turns).

Gargoyl the Skirmisher (Demonspawn Abyssal Knight)  Turns: 2802, Time: 00:04:07

Health: -2/37      AC: 11    Str: 13    XL:     4   Next: 58%
Magic:  6/6        EV: 11    Int: 13    God:    Lugonu [**....]
Gold:   69         SH:  0    Dex: 13    Spells: 0 memorised, 3 levels left

rFire  . . .     SeeInvis .     a - +1 hand axe
rCold  . . .     Gourm    .     m - +0 ring mail
rNeg   . . .     Faith    .     (no shield)
rPois  +         Spirit   .     (helmet restricted)
rElec  .         Reflect  .     (no cloak)
rCorr  .         Harm     .     (no gloves)
MR     .....                    (no boots)
Stlth  +.........               (no amulet)
                                (no ring)
                                g - ring of poison resistance

@: sanguine armour
A: antennae 1, demonic guardian 1, sanguine armour 1
a: Depart the Abyss, Bend Space, Renounce Religion


You were on level 2 of the Dungeon.
You worshipped Lugonu.
Lugonu was pleased with you.
You were not hungry.

You visited 1 branch of the dungeon, and saw 3 of its levels.
You visited the Abyss 1 time.

You collected 69 gold pieces.

Inventory:

Hand Weapons
 a - a +1 hand axe (weapon)
Armour
 m - a +0 ring mail (worn)
Jewellery
 g - a ring of poison resistance (left hand)
Scrolls
 b - a scroll of teleportation {unknown}
 d - a scroll of fog
 e - a scroll of amnesia {unknown}
 f - 2 scrolls of enchant armour {unknown}
 h - 2 scrolls of immolation {unknown}
 j - 2 scrolls of remove curse {unknown}
 k - 4 scrolls of magic mapping {unknown}
 p - a scroll of recharging
 q - a scroll of identify
Potions
 i - a potion of magic {unknown}
 l - a potion of brilliance {unknown}
 o - a potion of resistance {unknown}
 r - 4 potions of heal wounds {unknown}
Comestibles
 c - 3 bread rations
 n - a slice of pizza


   Skills:
 + Level 3.7 Fighting
 + Level 2.8 Axes
 * Level 2.7 Armour
 + Level 1.5 Dodging
 * Level 2.8 Invocations


You had 3 spell levels left.
You didn't know any spells.

Dungeon Overview and Level Annotations

Branches:
Dungeon (3/15)

Altars:
Fedhas
Uskayaw


Innate Abilities, Weirdness & Mutations

You have a pair of small antennae on your head.
A weak demonic guardian rushes to your aid.
When seriously injured, your bleeding wounds create armour. (AC +6)


Message History

You closely miss the gnoll.
The gnoll is lightly wounded.
The gnoll hits you with a halberd!
* * * LOW HITPOINT WARNING * * *
You see here a rat corpse.
The gnoll closely misses you.
There is a stone staircase leading up here.
The gnoll hits you but does no damage.
You climb upwards.
There is a stone staircase leading down here.
You hit the gnoll.
The gnoll is moderately wounded.
The gnoll hits you with a halberd.
* * * LOW HITPOINT WARNING * * *
You hit the gnoll.
The gnoll is severely wounded.
The gnoll hits you with a halberd.
* * * LOW HITPOINT WARNING * * *
The gnoll hits you from afar with a halberd.
You die...

####### #.....# #####
#.....# #....
############.....###....
#.........##............
#.........###...........
#....g....###...........
#.....>.................
#......@..###.......#..#
#.........# #....._.##.#
#.........# #.......##.#
#.........# #.......##.#
####......###.......##.#
#....................
#....###############.
#....##.### #....
#....##...# #....


You could see a gnoll.

Vanquished Creatures
  2 adders (D:2)
  An ooze (D:1)
  4 worms
  2 dart slugs
  4 leopard geckos
  9 bats
  4 giant cockroaches
  5 goblins
  6 hobgoblins
  11 jackals
  4 kobolds
  A frilled lizard (D:1)
  6 rats
59 creatures vanquished.

Notes
Turn   | Place    | Note
-------+----------+-------------------------------------------
     0 | Abyss:1  | Gargoyl the Demonspawn Abyssal Knight began the quest for the Orb.
     0 | Abyss:1  | Reached XP level 1. HP: 18/18 MP: 2/2
   123 | Abyss:1  | Noticed a ynoxinul
   123 | Abyss:1  | Noticed a small abomination
   126 | D:1      | Escaped the Abyss
   169 | D:1      | Reached skill level 1 in Dodging
   361 | D:1      | Gained mutation: You have a pair of small antennae on your head. [demonic ancestry]
   361 | D:1      | Reached XP level 2. HP: 19/24 MP: 3/3
   541 | D:1      | Reached * piety under Lugonu
   941 | D:1      | Gained mutation: A weak demonic guardian rushes to your aid. [demonic ancestry]
   941 | D:1      | Reached XP level 3. HP: 26/29 MP: 4/4
  1893 | D:2      | Found a hide-covered altar of Uskayaw.
  2078 | D:2      | Gained mutation: When seriously injured, your bleeding wounds create armour. (AC +6) [demonic ancestry]
  2078 | D:2      | Reached XP level 4. HP: 34/36 MP: 5/5
  2512 | D:2      | Reached ** piety under Lugonu
  2639 | D:3      | Found a blossoming altar of Fedhas.
  2802 | D:2      | Slain by a gnoll

Skill      XL: |  1  2 |
---------------+-------+-----
Dodging        | 1 |  1.5
Armour         | 2 |  2.7
Axes           | 2 |  2.8
Fighting       | |  3.7
Invocations    | |  2.8

Action                   |  1- 3 |  4- 6 || total
-------------------------+-------+-------++-------
Melee: Hand axe          |   136 |    94 ||   230
Invok: Depart the Abyss  |     1 |       ||     1
  Use: Scroll            |     3 |       ||     3
  Eat: Chunk             |     4 |     2 ||     6
Armor: Leather armour    |    27 |       ||    27
       Ring mail         |    46 |    55 ||   101
Dodge: Dodged            |    99 |   101 ||   200
